Map: Deathaura LE

Players

Geralt (Gerald)

  • Race: Protoss Protoss
  • League: Grandmaster
  • Spawn Location: 5:00

HellraiseR - Winner!

  • Race: Protoss Protoss
  • League: Master
  • Spawn Location: 11:00

Event: DreamHack SC2 Masters 2020 Winter

VOD

Have the link to the VOD?

Description

Time

  • Played on: Oct. 29, 2020, 12:01 p.m.
  • Length: 22:54

All games in this series

Show
View Real Time Build Order
Export as new Build Order

Geralt Protoss 

Build Orders:  

Get SALT Encoding   

  12  0:00  Probe  
  13  0:12  Probe  
  14  0:17  Pylon  
  14  0:24  Probe (Chrono Boost)  
  16  0:36  Gateway  
  16  0:37  Probe (Chrono Boost)  
  16  0:42  Probe (Chrono Boost)  
  16  0:45  Assimilator  
  17  0:52  Probe (Chrono Boost)  
  17  0:54  Assimilator  
  18  1:04  Probe (Chrono Boost)  
  18  1:07  Gateway  
  19  1:13  Probe (Chrono Boost)  
  20  1:18  Probe  
  20  1:23  Cybernetics Core  
  21  1:31  Probe  
  22  1:33  Pylon  
  22  1:43  Probe  
  23  1:55  Probe  
  23  1:57  Warp Gate (Chrono Boost)  
  23  2:00  Adept x2  
  28  2:07  Pylon, Probe  
  29  2:18  Pylon  
  29  2:21  Probe  
  30  2:35  Stalker x2  
  34  2:42  Probe  
  34  2:43  Shield Battery  
  35  2:51  Shield Battery  
  35  3:02  Robotics Facility  
  34  3:19  Nexus  
  34  3:21  Probe  
  35  3:31  Twilight Council  
  35  3:33  Probe  
  36  3:39  Sentry  
  38  3:47  Probe  
  35  3:50  Stalker  
  37  3:56  Gateway  
  37  4:01  Forge  
  37  4:09  Stalker  
  39  4:17  Blink (Chrono Boost)  
  39  4:24  Protoss Ground Weapons Level 1 (Chrono Boost)  
  39  4:26  Pylon  
  39  4:30  Probe  
  40  4:35  Probe  
  41  4:42  Probe  
  42  4:47  Stalker  
  45  4:53  Stalker  
  45  4:59  Photon Cannon  
  46  5:02  Probe  
  46  5:05  Probe  
  47  5:14  Probe  
  47  5:17  Probe  
  47  5:18  Pylon  
  49  5:27  Probe  
  50  5:30  Probe  
  50  5:33  Stalker  
  50  5:34  Stalker x2  
  57  5:38  Gateway  
  57  5:40  Probe  
  57  5:42  Probe  
  59  5:47  Pylon  
  59  5:52  Probe  
  59  5:56  Probe  
  61  6:00  Assimilator  
  61  6:04  Robotics Facility  
  61  6:05  Probe  
  61  6:08  Probe  
  63  6:17  Pylon, Probe  
  64  6:18  Stalker  
  64  6:19  Stalker  
  64  6:23  Stalker  
  71  6:32  Stalker  
  72  6:34  Probe  
  73  6:41  Nexus  
  69  6:55  Stalker x4  
  69  6:57  Probe  
  69  6:58  Observer (Chrono Boost)  
  79  7:12  Pylon  
  79  7:16  Nexus  
  79  7:17  Pylon  
  79  7:18  Protoss Ground Weapons Level 2  
  79  7:20  Pylon  
  80  7:38  Stalker x3  
  80  7:39  Stalker  
  86  7:49  Immortal  
  86  7:51  Probe x2  
  92  8:03  Probe  
  92  8:05  Stalker x3  
  95  8:06  Probe  
  100  8:15  Photon Cannon  
  100  8:25  Probe  
  100  8:26  Probe  
  100  8:30  Adept x3  
  100  8:32  Adept  
  100  8:33  Probe  
  109  8:38  Assimilator  
  109  8:40  Probe  
  110  8:42  Probe  
  110  8:45  Assimilator  
  111  8:54  Probe  
  106  9:00  Gateway  
  106  9:01  Gateway  
  106  9:02  Probe  
  105  9:08  Probe  
  106  9:12  Photon Cannon  
  106  9:15  Pylon  
  106  9:16  Stalker x4  
  114  9:21  Robotics Bay  
  114  9:25  Probe x2  
  114  9:26  Assimilator  
  114  9:28  Pylon  
  114  9:40  Probe  
  114  9:44  Probe  
  114  9:45  Gateway x2  
  116  9:50  Stalker x3  
  121  9:54  Observer  
  122  10:05  Pylon  
  122  10:10  Nexus  
  122  10:16  Pylon  
  122  10:17  Protoss Ground Weapons Level 3 (Chrono Boost)  
  122  10:21  Colossus (Chrono Boost)  
  122  10:27  Robotics Facility  
  128  10:28  Extended Thermal Lance  
  128  10:30  Adept  
  130  10:39  Photon Cannon  
  130  10:40  Shield Battery  
  129  10:47  Stalker x4  
  134  10:58  Stalker x3  
  138  11:06  Observer (Chrono Boost)  
  128  11:19  Stalker x5  
  128  11:20  Disruptor  
  128  11:31  Nexus  
  126  11:37  Photon Cannon, Nexus  
  126  11:40  Pylon  
  126  11:41  Pylon  
  126  11:48  Pylon  
  126  11:50  Pylon  
  126  11:51  Pylon  
  126  12:07  Disruptor (Chrono Boost)  
  127  12:10  Stalker x6  
  136  12:23  Disruptor (Chrono Boost)  
  136  12:25  Stalker  
  136  12:40  Disruptor (Chrono Boost)  
  139  12:44  Probe  
  139  12:45  Probe  
  139  12:50  Nexus  
  141  12:53  Photon Cannon, Shield Battery  
  141  12:58  Photon Cannon  
  141  13:01  Photon Cannon  
  141  13:02  Shield Battery  
  141  13:04  Shield Battery  
  141  13:08  Assimilator  
  138  13:15  Disruptor x2 (Chrono Boost)  
  141  13:22  Probe  
  142  13:33  Nexus  
  142  13:38  Assimilator  
  141  13:43  Stalker x4  
  149  13:50  Pylon  
  149  13:52  Pylon  
  149  13:54  Nexus  
  149  13:58  Observer  
  148  14:10  Photon Cannon x2, Colossus (Chrono Boost)  
  154  14:17  Sentry x3  
  158  14:33  Disruptor (Chrono Boost)  
  158  14:40  Pylon  
  158  14:42  Probe x2  
  158  14:44  Dark Shrine  
  160  14:47  Protoss Shields Level 1  
  159  14:54  Probe  
  159  14:55  Probe  
  159  14:56  Colossus (Chrono Boost), Robotics Facility  
  164  15:06  Probe  
  139  15:09  Stalker x3  
  139  15:11  Disruptor (Chrono Boost)  
  130  15:27  Nexus  
  130  15:41  Disruptor (Chrono Boost)  
  133  15:43  Disruptor (Chrono Boost)  
  133  15:46  Sentry  
  133  15:47  Sentry  
  133  15:49  Disruptor (Chrono Boost)  
  143  15:57  Stalker x2  
  147  16:08  Probe  
  147  16:10  Disruptor (Chrono Boost)  
  151  16:12  Observer (Chrono Boost)  
  151  16:14  Probe  
  151  16:15  Dark Templar  
  151  16:16  Pylon  
  155  16:20  Probe  
  155  16:25  Colossus (Chrono Boost)  
  160  16:34  Stalker x3  
  127  16:55  Disruptor (Chrono Boost)  
  127  16:56  Stalker x4  
  132  17:02  Disruptor (Chrono Boost)  
  132  17:03  Assimilator  
  132  17:08  Dark Templar x2  
  139  17:28  Disruptor (Chrono Boost)  
  142  17:36  Disruptor (Chrono Boost)  
  138  17:40  Pylon  
  138  17:43  Stalker x3  
  145  17:46  Photon Cannon  
  145  17:47  Photon Cannon  
  145  17:50  Observer (Chrono Boost)  
  146  17:55  Stalker x2  
  150  18:00  Photon Cannon  
  150  18:01  Photon Cannon, Shield Battery  
  150  18:21  Probe x2  
  150  18:25  Photon Cannon x2  
  150  18:33  Disruptor (Chrono Boost)  
  150  18:36  Pylon  
  159  18:42  Disruptor (Chrono Boost)  
  159  18:43  Disruptor (Chrono Boost)  
  159  18:50  Nexus  
  159  18:52  Pylon  
  144  18:59  Charge (Chrono Boost)  
  144  19:01  Disruptor  
  147  19:11  Disruptor (Chrono Boost)  
  148  19:18  Probe  
  140  19:26  Disruptor (Chrono Boost)  
  140  19:30  Photon Cannon  
  143  19:31  Photon Cannon  
  143  19:33  Photon Cannon  
  127  19:44  Disruptor x2 (Chrono Boost)  
  130  19:57  Dark Templar x2  
  123  20:01  Dark Templar  
  122  20:12  Probe  
  123  20:16  Photon Cannon  
  123  20:17  Photon Cannon  
  123  20:18  Nexus  
  123  20:20  Photon Cannon  
  126  20:22  Photon Cannon, Immortal (Chrono Boost)  
  126  20:24  Photon Cannon  
  126  20:25  Shield Battery x2  
  126  20:27  Colossus (Chrono Boost), Pylon  
  130  20:36  Zealot x7  
  130  20:37  Archon  
  144  20:46  Disruptor (Chrono Boost)  
  129  21:02  Disruptor (Chrono Boost)  
  132  21:05  Zealot x4  
  135  21:22  Disruptor  
  138  21:42  Disruptor  
  136  22:16  Disruptor  
  136  22:18  Zealot x7  
Show
View Real Time Build Order
Export as new Build Order

HellraiseR Protoss - Winner!

Build Orders: Oracle Opening 

Get SALT Encoding   

  12  0:00  Probe  
  13  0:12  Probe  
  14  0:17  Pylon  
  14  0:24  Probe (Chrono Boost)  
  16  0:37  Gateway, Probe (Chrono Boost)  
  16  0:42  Probe (Chrono Boost)  
  16  0:46  Assimilator  
  17  0:51  Probe  
  17  0:54  Assimilator  
  18  1:03  Probe (Chrono Boost)  
  19  1:07  Gateway  
  19  1:13  Probe (Chrono Boost)  
  19  1:17  Probe (Chrono Boost)  
  20  1:24  Cybernetics Core  
  21  1:29  Probe  
  22  1:34  Pylon  
  22  1:41  Probe  
  23  1:53  Probe  
  24  2:00  Stalker x2  
  24  2:01  Warp Gate  
  28  2:06  Probe  
  29  2:11  Pylon  
  29  2:30  Stalker x2  
  32  2:38  Stargate  
  32  2:40  Probe  
  33  2:52  Probe  
  34  3:02  Adept  
  34  3:03  Adept  
  34  3:04  Probe  
  39  3:09  Pylon  
  39  3:25  Shield Battery  
  39  3:27  Oracle (Chrono Boost)  
  41  3:39  Nexus  
  40  3:44  Probe  
  39  3:56  Probe  
  39  3:57  Twilight Council  
  40  4:08  Probe  
  41  4:20  Probe  
  42  4:33  Probe  
  42  4:35  Blink  
  43  4:39  Forge  
  43  4:45  Probe (Chrono Boost)  
  44  4:47  Pylon  
  44  4:55  Probe (Chrono Boost)  
  46  5:01  Probe (Chrono Boost)  
  46  5:04  Stalker x2, Probe (Chrono Boost)  
  51  5:08  Probe (Chrono Boost)  
  51  5:11  Protoss Ground Weapons Level 1 (Chrono Boost), Probe  
  51  5:13  Dark Shrine  
  49  5:19  Probe  
  49  5:20  Shield Battery  
  50  5:23  Probe (Chrono Boost)  
  51  5:35  Probe (Chrono Boost)  
  52  5:36  Probe (Chrono Boost)  
  52  5:38  Stalker x2, Pylon  
  57  5:44  Probe (Chrono Boost)  
  57  5:45  Assimilator  
  57  5:46  Probe (Chrono Boost)  
  59  5:50  Probe  
  59  5:51  Gateway  
  59  5:55  Probe  
  61  6:02  Probe  
  62  6:06  Pylon  
  62  6:07  Stalker x2  
  66  6:23  Nexus  
  66  6:30  Dark Templar x2  
  66  6:32  Probe x2  
  72  6:42  Shield Battery  
  72  6:48  Probe  
  72  6:49  Probe  
  70  6:58  Stalker  
  72  7:02  Gateway  
  72  7:04  Gateway  
  72  7:06  Stalker x2  
  72  7:08  Protoss Ground Weapons Level 2 (Chrono Boost)  
  76  7:09  Pylon  
  76  7:11  Gateway  
  76  7:23  Stalker  
  78  7:32  Nexus  
  78  7:33  Pylon  
  78  7:36  Stalker x2  
  82  7:42  Probe x2  
  84  7:53  Shield Battery  
  84  7:54  Probe  
  84  7:55  Stalker  
  84  7:57  Stalker  
  89  7:59  Stalker x2  
  89  8:05  Probe  
  93  8:10  Robotics Facility  
  93  8:14  Pylon  
  93  8:30  Charge, Pylon  
  93  8:32  Probe  
  94  8:39  Photon Cannon  
  94  8:44  Probe  
  94  8:45  Stalker x3  
  94  8:46  Stalker x3  
  107  8:48  Probe  
  107  8:51  Probe  
  107  8:53  Observer  
  105  8:56  Probe  
  105  9:01  Probe  
  108  9:07  Pylon  
  108  9:11  Stalker  
  108  9:13  Stalker, Gateway x2, Warp Prism (Chrono Boost)  
  114  9:30  Probe  
  114  9:35  Stalker x2  
  114  9:36  Stalker x2  
  122  9:43  Stalker  
  124  9:52  Pylon  
  124  10:01  Pylon  
  124  10:02  Pylon  
  124  10:08  Nexus  
  124  10:09  Pylon  
  124  10:18  Stalker x4  
  124  10:20  Protoss Ground Weapons Level 3 (Chrono Boost)  
  132  10:24  Probe x3  
  132  10:25  Photon Cannon  
  135  10:39  Probe  
  135  10:40  Probe  
  135  10:48  Zealot x8  
  145  10:57  Probe  
  145  10:59  Probe  
  145  11:03  Zealot  
  137  11:06  Probe  
  137  11:10  Stalker x3  
  137  11:11  Stalker x3  
  146  11:25  Stalker x2  
  142  11:26  Probe x2  
  142  11:28  Nexus  
  143  11:32  Probe  
  143  11:39  Stalker x3  
  149  11:40  Shield Battery  
  149  11:48  Pylon  
  149  11:51  Stalker x2, Zealot x2  
  157  12:06  Probe  
  157  12:13  Zealot  
  155  12:23  Zealot  
  155  12:27  Probe  
  152  12:31  Probe  
  153  12:40  Probe  
  153  12:41  Photon Cannon, Protoss Ground Armor Level 1 (Chrono Boost), Probe x2  
  153  12:43  Gateway, Probe  
  157  12:45  Zealot x7  
  157  12:46  Gateway  
  157  12:50  Observer (Chrono Boost)  
  157  12:51  Dark Shrine  
  172  12:54  Photon Cannon  
  172  12:56  Photon Cannon, Nexus  
  172  12:57  Pylon  
  172  13:15  Observer  
  172  13:19  Zealot x3  
  179  13:22  Probe x2  
  179  13:25  Photon Cannon  
  179  13:26  Photon Cannon  
  163  13:28  Photon Cannon  
  163  13:30  Shield Battery  
  163  13:32  Pylon  
  163  13:33  Zealot x5  
  169  13:40  Zealot x5  
  177  13:49  Photon Cannon, Probe x2  
  177  13:50  Photon Cannon, Probe x2  
  177  13:51  Pylon  
  181  14:01  Shadow Stride (Chrono Boost)  
  179  14:03  Robotics Bay  
  179  14:10  Stalker x6  
  179  14:11  Stalker  
  179  14:14  Observer (Chrono Boost)  
  194  14:18  Probe  
  194  14:19  Assimilator  
  194  14:20  Probe  
  194  14:21  Probe  
  194  14:22  Assimilator  
  197  14:25  Pylon  
  197  14:27  Observer (Chrono Boost)  
  197  14:31  Probe  
  192  14:38  Stalker x3  
  192  14:42  Assimilator  
  192  14:43  Assimilator  
  198  14:47  Observer  
  198  14:52  Pylon, Nexus  
  167  15:11  Probe x2  
  149  15:15  Stalker x6  
  149  15:17  Zealot x4  
  149  15:19  Probe x2  
  149  15:20  Probe  
  168  15:22  Assimilator  
  168  15:24  Probe  
  169  15:42  Observer (Chrono Boost)  
  170  15:45  Zealot x4  
  170  15:46  Zealot x3  
  184  15:50  Photon Cannon  
  184  15:52  Photon Cannon  
  184  15:54  Photon Cannon  
  184  15:56  Photon Cannon x2  
  180  15:59  Zealot x3, Shield Battery  
  180  16:00  Pylon  
  180  16:01  Protoss Ground Armor Level 2 (Chrono Boost)  
  180  16:03  Shield Battery  
  186  16:05  Pylon  
  186  16:06  Zealot x7  
  186  16:10  Unknown  
  200  16:14  Unknown  
  200  16:20  Forge  
  196  16:44  Protoss Shields Level 1 (Chrono Boost)  
  140  16:56  Stalker x2  
  140  16:57  Stalker x8  
  152  17:02  Probe x3  
  152  17:03  Probe x2  
  152  17:04  Probe  
  158  17:09  Disruptor (Chrono Boost)  
  162  17:15  Robotics Facility, Probe x2  
  162  17:19  Nexus, Pylon  
  162  17:21  Dark Templar x6  
  176  17:22  Probe  
  176  17:23  Gravitic Boosters (Chrono Boost)  
  176  17:27  Probe x2  
  154  17:38  Disruptor (Chrono Boost)  
  154  17:42  Dark Templar x3  
  154  17:43  Zealot  
  163  17:53  Zealot x6  
  178  18:06  Disruptor (Chrono Boost)  
  178  18:07  Protoss Ground Armor Level 3 (Chrono Boost)  
  178  18:11  Disruptor (Chrono Boost)  
  172  18:16  Zealot x6  
  172  18:17  Zealot x4  
  194  18:26  Photon Cannon  
  193  18:27  Photon Cannon  
  193  18:29  Photon Cannon, Observer (Chrono Boost)  
  193  18:32  Shield Battery  
  194  18:35  Oracle (Chrono Boost)  
  197  18:47  Disruptor (Chrono Boost)  
  196  18:54  Protoss Shields Level 2 (Chrono Boost)  
  199  19:01  Observer (Chrono Boost)  
  200  19:13  Assimilator, Photon Cannon  
  200  19:14  Photon Cannon, Pylon  
  200  19:15  Pylon x2, Shield Battery  
  200  19:18  Photon Cannon, Pylon  
  188  19:41  Stalker x3  
  188  19:42  Stalker x3  
  200  19:51  Disruptor  
  181  20:03  Stalker x4  
  187  20:13  Probe x2  
  173  20:14  Probe x4  
  173  20:17  Stalker x6  
  187  20:23  Gateway  
  187  20:25  Gateway  
  187  20:27  Gateway  
  187  20:28  Observer x2 (Chrono Boost)  
  189  20:29  Gateway  
  189  20:34  Gateway  
  189  20:35  Gateway  
  189  20:39  Zealot  
  189  20:40  Zealot x4  
  199  20:44  Nexus  
  197  20:51  Stalker, Observer  
  200  21:08  Disruptor (Chrono Boost)  
  188  21:12  Disruptor (Chrono Boost)  
  191  21:22  Stalker x4  
  199  21:27  Assimilator  
  199  21:44  Pylon  
  199  21:47  Pylon  
  199  21:53  Stalker x2  
  199  21:54  Stalker x8  
  192  21:55  Nexus  
  192  21:56  Pylon  
  192  21:59  Pylon, Nexus  
  192  22:00  Gateway  
  200  22:01  Gateway  
  200  22:02  Gateway  
  200  22:04  Gateway  
  197  22:14  Zealot  
  199  22:16  Photon Cannon  
  199  22:19  Shield Battery  
  199  22:20  Photon Cannon  
  199  22:21  Photon Cannon, Pylon  
  199  22:22  Photon Cannon x2, Observer  
  200  22:24  Pylon, Shield Battery  
  200  22:27  Stalker  
  200  22:35  Dark Templar  
  197  22:39  Zealot  
  197  22:40  Zealot x6  
Tags
 
Add a new tag
Caveats
  • Supply blocks, unpowered buildings, or Contaminate may cause inaccurate times.
  • Supply counts are checked every 10 seconds.